 Dungeon Crawl Stone Soup version 0.17.1-3-g152610e (webtiles) character file.

9416 Jerry the Blocker (level 11, -2/73 HPs)
             Began as an Octopode Fighter on Mar 10, 2016.
             Was a Priest of Cheibriados.
             Slain by a freezing wraith (12 damage)
             ... in an ice cave.
             The game lasted 01:59:17 (13570 turns).

Jerry the Blocker (Octopode Fighter)               Turns: 13570, Time: 01:59:17

Health: -2/73      AC:  3    Str: 23    XL:     11   Next: 46%
Magic:  12/15      EV: 19    Int: 18    God:    Cheibriados [***...]
Gold:   746        SH: 14    Dex: 21    Spells: 1 memorised, 2 levels left

rFire  . . .     SeeInvis +       - Unarmed
rCold  + . .     Clarity  .     a - +1 shield
rNeg   . . .     SustAt   .     r - +2 hat
rPois  .         Gourm    +     b - amulet of the gourmand
rElec  .         Spirit   .     j - ring of stealth
rCorr  .         Warding  .     u - ring of protection from cold
rMut   .         Stasis   .     N - ring of see invisible
MR     .....                    (no ring)
Stlth  +++++.....               (no ring)
                                (no ring)
                                (no ring)
                                (no ring)

@: slowed, very slow, not resistant to hostile enchantments, quite stealthy
A: almost no armour, amphibious, 8 rings, constrict 8, camouflage 1, robust 1,
gelatinous body 1
a: Bend Time, Temporal Distortion, Renounce Religion


You were in an ice cave.
You worshipped Cheibriados.
Cheibriados was most pleased with you.
You were very full.

You visited 3 branches of the dungeon, and saw 13 of its levels.
You also visited: Ossuary and Ice Cave.

You collected 746 gold pieces.

Inventory:

Missiles
 n - 3 tomahawks (quivered)
Armour
 a - a +1 shield (worn)
 r - a +2 hat (worn)
Jewellery
 b - an amulet of the gourmand (around mantle)
 j - a ring of stealth (left tentacle)
 u - a ring of protection from cold (right tentacle)
 I - an uncursed ring of fire
 N - a ring of see invisible (on tentacle)
 U - an uncursed amulet of resist mutation
Wands
 v - a wand of magic darts (15)
 K - a wand of flame (22)
 T - a wand of frost (18)
Scrolls
 d - 3 scrolls of remove curse
 k - a scroll of recharging
 p - 3 scrolls of magic mapping
 y - 2 scrolls of teleportation
 E - 2 scrolls of blinking
 L - a scroll of enchant weapon
 Q - a scroll of immolation
Potions
 e - 4 potions of brilliance
 g - 2 potions of cure mutation {unknown}
 i - 2 potions of heal wounds {unknown}
 m - a potion of degeneration {unknown}
 s - 3 potions of resistance {unknown}
 t - a potion of cancellation {unknown}
 w - a potion of agility {unknown}
 x - a potion of lignification {unknown}
 z - a potion of berserk rage {unknown}
 A - 2 potions of invisibility {unknown}
 B - a potion of poison {unknown}
 C - 2 potions of flight {unknown}
 F - 2 potions of magic {unknown}
 G - 3 potions of ambrosia
 H - a potion of haste {unknown}
 M - 2 potions of beneficial mutation {unknown}
Books
 o - a Necronomicon

   Spells                             Type                      Level
   a - Haunt                          Necromancy/Summoning         7
   b - Borgnjor's Revivification      Necromancy                   8
   c - Death's Door                   Charms/Necromancy            8
   d - Necromutation                  Transmutation/Necromancy     8
Comestibles
 c - 9 bread rations
 h - 7 meat rations
 q - 2 royal jellies
 D - 6 fruits
 S - 2 beef jerkies


   Skills:
 - Level 3.0 Fighting
 - Level 8.7 Dodging
 - Level 4.0 Stealth
 + Level 10.0 Shields
 - Level 8.6 Unarmed Combat
 - Level 4.7 Necromancy
 + Level 4.7 Transmutations
 - Level 6.0 Invocations


You had 2 spell levels left.
You knew the following spells:

 Your Spells              Type           Power        Failure   Level  Hunger
a - Necromutation         Trmt/Necr      ###.......   100%        8    #######


Dungeon Overview and Level Annotations

Branches:
Dungeon (10/15)            Temple (1/1) D:7            Lair (2/8) D:9
    Orc: D:9-12

Altars:
Ashenzari
Cheibriados
Dithmenos
Elyvilon
Fedhas
Gozag
Kikubaaqudgha
Makhleb
Nemelex Xobeh
Okawaru
Qazlal
Ru
Sif Muna
Trog
Vehumet
Xom
Yredelemnul
Zin
The Shining One

Shops:
D:9 %

Annotations:
D:4 Grim's ghost, novice OgGl
D:10 Fannar; Maud


Innate Abilities, Weirdness & Mutations

You cannot wear most types of armour.
You are amphibious.
You can wear up to eight rings at the same time.
You can use your tentacles to constrict eight enemies at once.
Your skin changes colour to match your surroundings (Stealth).
Your rubbery body absorbs attacks (AC +1).
You are robust (+10% HP).


Message History

Evoke which item? (* to show all) (? for menu, Esc to quit)
Zapping:
K - a wand of flame (24)
Press: ? - help, Shift-Dir - straight line, f/p - freezing wraith
Aim: a freezing wraith (heavily damaged, slow)
The puff of flame hits the freezing wraith.
The freezing wraith appears unharmed.
The freezing wraith is heavily damaged.
This wand has 23 charges left.
The freezing wraith hits you but does no damage.
You block the freezing wraith's attack.
Evoke which item? (* to show all) (? for menu, Esc to quit)
Zapping:
K - a wand of flame (23)
Press: ? - help, Shift-Dir - straight line, f/p - freezing wraith
Aim: a freezing wraith (heavily damaged, slow)
The puff of flame hits the freezing wraith.
The freezing wraith appears unharmed.
The freezing wraith is heavily damaged.
This wand has 22 charges left.
The freezing wraith barely misses you. The freezing wraith hits you!
You die...

###### ##....###
#.......#
##.(###...# ##..##
...# ##..## ...#
#W..# .W. #####
##@.# .5 ####...###
###...# .
##........###....##
#...............##
.............####
............##
#..........##
##.#....#.##
####..####


You could see a freezing wraith.

Vanquished Creatures
  A black mamba (Lair:1)
  2 spiny frogs (Lair:1)
  2 komodo dragons (Lair:1)
  A freezing wraith (IceCv)
  A troll (D:9)
  Grinder (D:6)
  A merfolk (D:9)
  Prince Ribbit (D:6)
  2 yaks (Lair:1)
  A wyvern (D:9)
  Grum (D:9)
  2 hippogriffs
  6 wolves (D:9)
  A porcupine (Lair:2)
  2 orc warriors
  A black bear (D:7)
  2 water moccasins
  3 phantoms
  An alligator simulacrum (IceCv)
  9 ice beasts
  7 ogres
  A sky beast (D:5)
  A centaur (D:6)
  2 crocodiles (Lair:1)
  3 giant frogs
  A gnoll sergeant (D:8)
  3 scorpions
  3 killer bees (D:8)
  11 wights (D:9)
  3 electric eels (D:9)
  5 crimson imps
  7 hounds
  A wasp zombie (D:10)
  5 orc wizards
  A jelly (D:9)
  3 orc priests
  2 giant frog zombies (D:5)
  3 centaur skeletons
  2 worker ants
  3 iguanas
  A polar bear simulacrum (IceCv)
  A big kobold zombie (Ossuary)
  2 wolf simulacra (IceCv)
  8 mummies (Ossuary)
  2 worker ant zombies (D:10)
  10 river rats (Lair:1)
  9 gnolls
  8 adders
  3 shadow imps
  17 white imps
  An ooze (D:3)
  An adder skeleton (D:4)
  An adder zombie (D:8)
  2 worms
  5 giant geckos
  27 orcs
  6 bats
  2 giant cockroaches
  4 gnoll zombies (Ossuary)
  10 goblins
  8 hobgoblins
  7 kobolds
  5 quokkas
  5 ball pythons
  5 giant newts
  16 jackals
  A jackal skeleton (D:7)
  3 kobold zombies (Ossuary)
  14 rats
292 creatures vanquished.

Vanquished Creatures (others)
  A fungus (Lair:2)
1 creature vanquished.

Grand Total: 293 creatures vanquished

Notes
Turn   | Place    | Note
--------------------------------------------------------------
     0 | D:1      | Jerry the Octopode Fighter began the quest for the Orb.
     0 | D:1      | Reached XP level 1. HP: 16/16 MP: 1/1
   223 | D:1      | Reached XP level 2. HP: 13/21 MP: 2/2
   236 | D:1      | Reached skill level 1 in Stealth
   784 | D:2      | Reached XP level 3. HP: 26/26 MP: 3/3
  1206 | D:2      | Reached XP level 4. HP: 21/31 MP: 4/4
  1892 | D:3      | Found a deep blue altar of Sif Muna.
  2266 | D:3      | Reached XP level 5. HP: 31/36 MP: 5/5
  2557 | D:4      | Reached skill level 4 in Shields
  2582 | D:4      | Found a sparkling altar of Nemelex Xobeh.
  2701 | D:4      | Reached XP level 6. HP: 38/42 MP: 6/6
  2742 | D:4      | Found a sand-covered staircase.
  2771 | Ossuary  | Entered an ossuary
  3754 | D:4      | Noticed Grim's ghost (novice OgGl)
  3758 | D:4      | Noticed an ogre
  3777 | D:4      | Killed an ogre
  3777 | D:4      | Reached XP level 7. HP: 26/46 MP: 7/7
  3797 | D:4      | Noticed an ogre
  3804 | D:4      | Killed an ogre
  3804 | D:4      | Reached skill level 5 in Dodging
  3804 | D:4      | Reached skill level 5 in Shields
  4031 | D:5      | Entered Level 5 of the Dungeon
  4051 | D:5      | Gained mutation: You are robust (+10% HP). [mutagenic meat]
  4375 | D:5      | Found a stormy altar of Qazlal.
  4430 | D:5      | Reached skill level 5 in Unarmed Combat
  4495 | D:5      | Found a shattered altar of Ashenzari.
  4596 | D:5      | Reached XP level 8. HP: 57/57 MP: 8/8
  4842 | D:5      | Reached skill level 6 in Dodging
  5527 | D:6      | Found a snail-covered altar of Cheibriados.
  5528 | D:6      | Found an opulent altar of Gozag.
  5802 | D:6      | Reached XP level 9. HP: 12/61 MP: 9/9
  6106 | D:6      | Found an ancient bone altar of Kikubaaqudgha.
  6322 | D:7      | Found a staircase to the Ecumenical Temple.
  6335 | Temple   | Entered the Ecumenical Temple
  6483 | D:7      | Got a scorched quarterstaff
  6485 | D:7      | Found a shimmering altar of Xom.
  6494 | D:7      | Found a shattered altar of Ashenzari.
  6539 | D:7      | Reached skill level 7 in Shields
  6794 | D:6      | Found a sacrificial altar of Ru.
  6803 | D:6      | Became a worshipper of Cheibriados the Contemplative
  7031 | D:6      | Noticed Prince Ribbit
  7032 | D:6      | Noticed Grinder
  7069 | D:6      | Killed Prince Ribbit
  7069 | D:6      | Reached skill level 1 in Invocations
  7334 | D:6      | Killed Grinder
  8244 | D:8      | Found a blossoming altar of Fedhas.
  8769 | D:8      | Reached * piety under Cheibriados
  9085 | D:9      | Found Uremurr's Food Shop.
  9109 | D:9      | Reached XP level 10. HP: 69/69 MP: 13/13
  9144 | D:9      | Reached skill level 5 in Invocations
  9165 | D:9      | Got a bloodstained war axe
  9208 | D:9      | Reached skill level 8 in Shields
  9233 | D:9      | Found a staircase to the Lair.
  9260 | D:9      | Noticed Grum
  9604 | D:9      | Reached ** piety under Cheibriados
  9810 | D:9      | Killed Grum
  9884 | Lair:1   | Entered Level 1 of the Lair of Beasts
  9944 | Lair:1   | Learned a level 8 spell: Necromutation
  9963 | Lair:1   | Reached skill level 1 in Transmutations
 10300 | Lair:1   | Reached skill level 1 in Necromancy
 10305 | Lair:1   | Reached skill level 9 in Shields
 10661 | Lair:1   | Reached XP level 11. HP: 10/73 MP: 9/15
 11190 | Lair:1   | Identified a scroll of acquirement
 12242 | D:10     | Entered Level 10 of the Dungeon
 12245 | D:10     | Got a faintly glowing hand axe
 12264 | D:10     | Noticed Fannar
 12316 | D:10     | Noticed Maud
 12504 | D:10     | Noticed a hill giant
 12629 | Lair:2   | Reached *** piety under Cheibriados
 12647 | Lair:2   | Found a frozen archway.
 12831 | IceCv    | Entered an ice cave
 13415 | IceCv    | Reached skill level 10 in Shields
 13570 | IceCv    | Slain by a freezing wraith

Action                   |  1- 3 |  4- 6 |  7- 9 | 10-12 || total
-------------------------+-------+-------+-------+-------++-------
Melee: Unarmed           |    67 |   177 |   308 |   394 ||   946
Throw: Stone             |       |     6 |    10 |    19 ||    35
       Tomahawk          |       |       |       |     9 ||     9
Invok: Bend Time         |       |       |     8 |    22 ||    30
Evoke: Wand              |       |       |    23 |    22 ||    45
  Use: Scroll            |       |     5 |     5 |    17 ||    27
       Potion            |       |     2 |     4 |     5 ||    11
 Stab: Sleeping          |     6 |    14 |    14 |     4 ||    38
       Distracted        |       |       |     4 |     1 ||     5
  Eat: Chunk             |     1 |     5 |    26 |     7 ||    39
       Bread ration      |       |     1 |       |       ||     1
